 Dungeon Crawl Stone Soup version 0.20.1-1-g8b1a95d (webtiles) character file.

47 NeeL the Skirmisher (level 3, 0/33 HPs)
             Began as a Minotaur Berserker on July 13, 2017.
             Was a Believer of Trog.
             Killed from afar by Sigmund (7 damage)
             ... with a puff of flame
             ... on level 2 of the Dungeon.
             The game lasted 00:10:52 (1114 turns).

NeeL the Skirmisher (Minotaur Berserker)            Turns: 1114, Time: 00:10:52

Health: 0/33       AC:  5    Str: 22    XL:     3   Next: 48%
Magic:  2/2        EV: 11    Int:  4    God:    Trog [**....]
Gold:   96         SH:  0    Dex:  9    Spells: 2/2 levels left

rFire    . . .     SeeInvis .     - Unarmed
rCold    . . .     Gourm    .   (no shield)
rNeg     . . .     Faith    .   c - +0 ring mail
rPois    .         Spirit   .   (helmet restricted)
rElec    .         Reflect  .   (no cloak)
rCorr    .         Harm     .   (no gloves)
MR       .....                  (no boots)
Stlth    ..........             f - amulet of magic regeneration
Regen    0.2/turn               (no ring)
MPRegen  0.2/turn               (no ring)

@: no status effects
A: retaliatory headbutt, horns 2
a: Berserk, Trog's Hand, Burn Spellbooks, Renounce Religion


You were on level 2 of the Dungeon.
You worshipped Trog.
Trog was pleased with you.
You were very full.

You visited 1 branch of the dungeon, and saw 2 of its levels.

You collected 96 gold pieces.

Inventory:

Hand Weapons
 g - a +0 dagger
 h - a +0 club
 l - a +0 dagger
 m - a +0 club
 n - a +0 short sword
 o - a +0 short sword
 p - a +0 dagger
 q - a +0 club
 r - a +0 hunting sling
Missiles
 e - 34 poisoned needles
 i - 5 tomahawks (quivered)
 j - 42 stones
 k - 52 arrows
 s - 12 sling bullets
Armour
 a - a +0 animal skin
 c - a +0 ring mail (worn)
 u - a +0 robe
Jewellery
 f - an amulet of magic regeneration (around neck)
Scrolls
 v - a scroll of noise {unknown}
Potions
 t - a potion of might {unknown}
Comestibles
 d - a meat ration


   Skills:
 * Level 4.2 Fighting
 * Level 3.3 Armour
 + Level 2.3 Dodging
 + Level 4.0 Unarmed Combat


You had 2 spell levels left.
You didn't know any spells.

Dungeon Overview and Level Annotations

Branches:
Dungeon (2/15)

Altars:

Annotations:
D:2 Sigmund


Innate Abilities, Weirdness & Mutations

You reflexively headbutt those who attack you in melee.
You have a pair of horns on your head.


Message History

* * * LOW HITPOINT WARNING * * *
You feel sick. Sigmund completely misses you. Sigmund closely misses you.
Press: ? - help, v - describe, . - travel
Here: Sigmund, wielding a scythe and wearing a robe An open door.
Sigmund is nearby!
You eat the bread ration.
That bread ration really hit the spot!
Sigmund barely misses you.
You bump into the rock wall.
You feel less confused.
You feel sick.
A kobold comes into view. It is wielding a club.
The kobold shouts!
Found 14 gold pieces.
You feel sick.
You are no longer poisoned.
Sigmund casts a spell at you. The puff of flame hits you!
You die...

###....#####.........##+####
.............##'###......
.............##w# #.......
.....##......##.###........
.....##......##............
#######......###@..........
#######......###...........
.......... #...####..
........# #.@.# . ........#
#.K..# ........# #....#
........# #...... ........#
#...#... ........#####
....#..$.. ............#
....##....
............##....# ....
...............


You could see Sigmund, a worm and a kobold.

Vanquished Creatures
  2 adders (D:2)
  A worm (D:2)
  2 dart slugs
  A giant cockroach (D:2)
  2 goblins
  4 hobgoblins
  5 bats
  A frilled lizard (D:1)
  2 kobolds (D:1)
  5 rats (D:1)
25 creatures vanquished.

Notes
Turn   | Place    | Note
-------+----------+-------------------------------------------
     0 | D:1      | NeeL the Minotaur Berserker began the quest for the Orb.
     0 | D:1      | Reached XP level 1. HP: 19/19 MP: 0/0
   325 | D:1      | Reached XP level 2. HP: 27/27 MP: 1/1
   870 | D:2      | Reached XP level 3. HP: 32/33 MP: 2/2
   932 | D:2      | Reached ** piety under Trog
  1088 | D:2      | Noticed Sigmund
  1114 | D:2      | Killed from afar by Sigmund

Skill      XL: |  1  2  3 |
---------------+----------+-----
Fighting       | 4 |  4.2
Armour         | 3 |  3.3
Unarmed Combat | 4 |  4.0
Dodging        | |  2.3

Action                   || total
-------------------------++-------
Melee: Unarmed           ||    56
       Punch             ||     1
       Headbutt          ||     3
Invok: Berserk           ||     1
  Use: Scroll            ||     3
  Eat: Meat ration       ||     1
       Bread ration      ||     1
Armor: Ring mail         ||    30
Dodge: Dodged            ||    34
